 Dungeon Crawl Stone Soup version 0.19-a0-1019-g9c6a58d (webtiles) character file.

195 ololoev the Chopper (level 5, -5/45 HPs)
             Began as a Hill Orc Fighter on July 26, 2016.
             Slain by Menkaure (19 damage)
             ... in an ossuary.
             The game lasted 00:05:50 (1107 turns).

ololoev the Chopper (Hill Orc Fighter)              Turns: 1107, Time: 00:05:51

Health: -5/45      AC:  7    Str: 20    XL:     5   Next: 74%
Magic:  5/5        EV:  9    Int:  8    God:
Gold:   130        SH:  0    Dex: 10    Spells: 0 memorised, 4 levels left

rFire  . . .     SeeInvis .     a - +0 war axe
rCold  . . .     Gourm    .     b - +0 scale mail
rNeg   . . .     Faith    .     (no shield)
rPois  .         Spirit   .     (no helmet)
rElec  .         Dismiss  .     (no cloak)
rCorr  .         Reflect  .     (no gloves)
SustAt .         Harm     .     (no boots)
MR     .....                    (no amulet)
Stlth  ..........               (no ring)
                                (no ring)

@: not resistant to hostile enchantments, extremely unstealthy
A: no striking features
a: no special abilities

Inventory:

Hand Weapons
 a - a +0 war axe (weapon)
Armour
 b - a +0 scale mail (worn)
Scrolls
 c - a scroll of fear {unknown}
 i - 2 scrolls of identify {unknown}
 j - a scroll of magic mapping {unknown}
Comestibles
 f - 3 bread rations
 g - a beef jerky
 h - a meat ration


   Skills:
 - Level 3.6 Fighting
 * Level 6.1 Axes
 + Level 5.0 Armour
   Level 3.2 Shields


You had 4 spell levels left.
You didn't know any spells.
You were in an ossuary. You were very hungry. You visited 1 branch of the dungeon, and saw 5 of its levels. You also visited: Ossuary. You collected 130 gold pieces. ..##..##..##..##..##..## .##^.##..####..##.^##..## ##..##..##.!##..##..##..## #..##..##!!?.##..##..##..## ..##..## .?!..##..##..##..## .##..## ?∩∩?M.##..##..##..## ##..## .?!...M##^.##..##..## #..## .?!...M.##^.##..##..## ..##############@'##..##..##..## ...................##..##..##..## ######################..##^.##..# ......................^^.##..##.. ############################..##. ...................^...........## #################################

Notes
Turn   | Place    | Note
-------+----------+-------------------------------------------
     0 | D:1      | ololoev the Hill Orc Fighter began the quest for the Orb.
     0 | D:1      | Reached XP level 1. HP: 19/19 MP: 1/1
    92 | D:1      | Reached skill level 3 in Axes
    92 | D:1      | Reached XP level 2. HP: 17/26 MP: 2/2
   349 | D:2      | Reached skill level 4 in Axes
   349 | D:2      | Reached XP level 3. HP: 31/31 MP: 3/3
   675 | D:3      | Reached XP level 4. HP: 39/39 MP: 4/4
   696 | D:3      | Reached skill level 5 in Axes
   698 | D:3      | Reached XP level 5. HP: 32/45 MP: 5/5
   744 | D:5      | Entered Level 5 of the Dungeon
   817 | D:5      | Found a sand-covered staircase.
   825 | D:5      | Reached skill level 6 in Axes
   827 | Ossuary  | Entered an ossuary
  1094 | Ossuary  | Reached skill level 5 in Armour
  1103 | Ossuary  | Noticed Menkaure
  1107 | Ossuary  | Slain by Menkaure

Dungeon Overview and Level Annotations

Branches:
Dungeon (5/15)
 Temple: D:4-7

Altars:

Annotations:
Ossuary Menkaure


Message History

You slash the rat zombie!
You destroy the rat zombie!
No target in view!
You hear a distant blaring wail to the northwest.
No target in view!
No target in view!
No target in view!
A kobold skeleton comes into view.
An orc zombie comes into view.
A hobgoblin skeleton comes into view.
You hit the kobold skeleton. The kobold skeleton hits you.
You hit the kobold skeleton. The kobold skeleton barely misses you.
You barely miss the kobold skeleton.
The kobold skeleton hits you but does no damage.
You hit the kobold skeleton.
You destroy the kobold skeleton!
You hit the orc zombie.
The orc zombie hits you but does no damage.
You barely miss the orc zombie. The orc zombie closely misses you.
You hit the orc zombie. The orc zombie closely misses you.
You slash the orc zombie!
You destroy the orc zombie!
You slash the hobgoblin skeleton!
You destroy the hobgoblin skeleton!
No target in view!
No target in view!
No target in view!
No target in view!
No target in view!
No target in view!
No target in view!
No target in view!
No target in view!
No target in view!
No target in view!
No target in view!
You found an arrow trap!
You found an arrow trap!
You found an arrow trap!
A hobgoblin skeleton comes into view.
You found an arrow trap!
A hobgoblin skeleton is nearby!
You avoid triggering an arrow trap.
There is an arrow trap here.
You avoid triggering an arrow trap.
There is an arrow trap here.
You slash the hobgoblin skeleton!
You destroy the hobgoblin skeleton!
No target in view!
A gnoll skeleton comes into view.
You slash the gnoll skeleton! You hit the gnoll skeleton.
You destroy the gnoll skeleton!
You are feeling very hungry.
A mummy comes into view.
You found an arrow trap!
An arrow hits the mummy!
You slash the mummy!
You destroy the mummy!
Your Armour skill increases to level 5!
You avoid triggering an arrow trap.
A goblin zombie comes into view.
There is an arrow trap here.
An arrow hits the goblin zombie!
You slash the goblin zombie!
You destroy the goblin zombie!
The trap is out of ammunition! 2 mummies and Menkaure come into view.
Menkaure shouts!
Found ten items.
Found two gates leading back out of this place.
There is a large open door here.
It was a potion of heal wounds.
You feel much better.
Menkaure casts a spell.
Menkaure seems to speed up.
You hit Menkaure but do no damage. Menkaure hits you!
You hit Menkaure but do no damage. Menkaure hits you! Menkaure hits you.
It was a potion of cure mutation.
It has a very clean taste.
Menkaure hits you!!
You die...

You could see Menkaure and 2 mummies.

Vanquished Creatures
  A jelly (D:5)
  An orc priest (D:3)
  An orc wizard (D:3)
  A worker ant (D:3)
  A mummy (Ossuary)
  A gnoll (D:1)
  An adder skeleton (D:2)
  An orc (D:3)
  6 bats
  A bat skeleton (D:2)
  A bat zombie (D:2)
  A goblin (D:2)
  6 hobgoblins
  2 kobolds (D:2)
  2 quokkas (D:3)
  2 ball pythons (D:3)
  A giant cockroach zombie (D:2)
  4 giant newts
  3 gnoll skeletons (Ossuary)
  2 gnoll zombies (Ossuary)
  3 goblin skeletons (Ossuary)
  A goblin zombie (Ossuary)
  6 hobgoblin skeletons (Ossuary)
  3 hobgoblin zombies (Ossuary)
  4 kobold skeletons (Ossuary)
  4 kobold zombies (Ossuary)
  3 orc skeletons (Ossuary)
  5 orc zombies (Ossuary)
  A quokka skeleton (D:2)
  2 rats (D:2)
  2 rat skeletons (Ossuary)
  6 rat zombies (Ossuary)
79 creatures vanquished.

Vanquished Creatures (others)
  A gnoll zombie (Ossuary)
  A goblin skeleton (Ossuary)
  A hobgoblin skeleton (Ossuary)
  A hobgoblin zombie (Ossuary)
  A kobold skeleton (Ossuary)
  2 orc zombies (Ossuary)
  A rat skeleton (Ossuary)
8 creatures vanquished.

Grand Total: 87 creatures vanquished

Action                   |  1- 3 |  4- 6 || total
-------------------------+-------+-------++-------
Melee: War axe           |    88 |   104 ||   192
  Use: Potion            |       |     3 ||     3
Armor: Scale mail        |    68 |    33 ||   101
Dodge: Dodged            |    61 |    30 ||    91

Vault maps used:
D:1:      dpeg_arrival_brainrot, roderic_roman_lattice, kennysheep_boxes
D:2:      first_bread, serial_undead, serial_undead_d, serial_undead_c,
          serial_undead_a, serial_undead_e, serial_undead_d, serial_undead_a,
          serial_undead_d, serial_undead_c
D:4:      serial_shops, shop, kennysheep_big_empty_room, uniq_edmund,
          uniq_natasha, uniq_purgy, uniq_eustachio
D:5:      enter_ossuary_3, roderic_lattice_a
Ossuary:  ossuary_due_pyramid
